 Dungeon Crawl Stone Soup version 0.31-a0-557-g6e16503903 (webtiles) character file.

Game seed: 3684949432907279538

58 Shayle the Ruffian (level 4, 0/67 HPs)
             Began as an Ogre Shapeshifter on Aug 17, 2023.
             Slain by Grinder (7 damage)
             ... on level 3 of the Dungeon.
             The game lasted 00:04:47 (1918 turns).

Shayle the Ruffian (Ogre Shapeshifter)              Turns: 1918, Time: 00:04:48

Health: 0/67       AC: 22    Str: 25    XL:     4   Next: 1%
Magic:  7/7        EV:  1    Int: 11    God:
Gold:   148        SH:  0    Dex:  9    Spells: 7/7 levels left

rFire   . .          .
                       - Unarmed
rCold   . . .        (no shield)
rNeg    . . .        a - melded +0 animal skin
rPois   +            (helmet currently unavailable)
rElec   .            (cloak currently unavailable)
rCorr   .            (gloves unavailable)
SInv    .            (boots unavailable)
Will    .....        (no amulet)
Stlth   +            m - +6 ring of strength
HPRegen 0.31/turn    (no ring)
MPRegen 0.10/turn

%: no passive effects
@: tree-form
A: stationary, stasis, torment immunity, boosted hp, large, unfitting armour,
(tough skin 1)
a: no special abilities


You were on level 3 of the Dungeon.
You were a tree.
You visited 1 branch of the dungeon, and saw 3 of its levels.

You collected 148 gold pieces.

Inventory:

Armour
 a - a +0 animal skin (melded)
Jewellery
 m - a +6 ring of strength (left branch)
Talismans
 c - a beast talisman
 d - a flux talisman
Scrolls
 h - 2 scrolls of amnesia {unknown}
 j - a scroll of poison {unknown}
 k - a scroll of vulnerability {unknown}
 n - a scroll of blinking {unknown}
 o - a scroll of identify {unknown}
 p - a scroll of enchant armour {unknown}
Potions
 e - a potion of degeneration {unknown}
 f - a potion of magic {unknown}
 g - a potion of curing {unknown}
 i - 2 potions of brilliance {unknown}
 l - a potion of cancellation {unknown}


   Skills:
 + Level 3.0 Fighting
 - Level 1.7 Dodging
 + Level 3.3 Unarmed Combat
 + Level 2.0 Spellcasting
 - Level 3.0 Shapeshifting


You had 7 spell levels left.
You didn't know any spells.
Your spell library contained the following spells:

 Spells                   Type           Power      Damage    Failure   Level
 Sandblast                Erth           2%         2d4       28%         1
 Lesser Beckoning         Tloc           2%         N/A       41%         2
 Passwall                 Tmut/Erth      0%         N/A       41%         2
 Gell's Gravitas          Tloc           1%         N/A       65%         3
 Stone Arrow              Conj/Erth      2%         3d7       65%         3
 Teleport Other           Tloc           1%         N/A       65%         3
 Alistair's Intoxication  Tmut/Pois      0%         N/A       100%        5
 Borgnjor's Vile Clutch   Necr/Erth      0%         N/A       100%        5
 Eringya's Noxious Bog    Tmut/Pois      0%         4d6       100%        6


Dungeon Overview and Level Annotations

Branches:
Dungeon (3/15)

Altars:
Nemelex Xobeh

Annotations:
D:3 Grinder


Innate Abilities, Weirdness & Mutations

You are a tree.
Your roots penetrate the ground, keeping you stationary.
You cannot be teleported.
You are immune to unholy pain and torment.
Your maximum health is greatly increased.
Your equipment is partially melded.
You are too large for most types of armour.
((You have tough skin. (AC +1)))


Message History

You hit the goblin.
You kill the goblin!
You have reached level 4!
HP restored.
Magic restored.
You now have 148 gold pieces (gained 15).
You see here a +0 quarterstaff of pain.
You see here a +0 quarterstaff of pain.
You open the gate.
Grinder comes into view.
She is carrying a wand of flame.
Grinder shouts!
Grinder gestures at you. Pain shoots through your body!
Grinder is nearby!
Okay, then.
Grinder zaps a wand.
The puff of flame hits you!
There is an open gate here.
Found a sparkling altar of Nemelex Xobeh.
Grinder zaps a wand.
The puff of flame hits you.
Okay, then.
You closely miss Grinder. Grinder hits you but does no damage.
You closely miss Grinder. Grinder hits you.
You punch Grinder!
Grinder is moderately wounded.
Grinder blinks!
Grinder gestures at you. Pain shoots through your body!
* * * LOW HITPOINT WARNING * * *
There is an open gate here.
Your transformation has ended.
You turn into a tree.
Your +0 animal skin melds into your body.
Your roots penetrate the ground.
Grinder hits you but does no damage.
You barely miss Grinder.
Grinder is lightly wounded.
Grinder barely misses you.
You hit Grinder but do no damage.
Grinder is lightly wounded.
Grinder hits you!
You die...

#######..........##.###.
#.....#..........##.# #.
#.###.#.#######+###.# ##
#.....#.# #.#
###)....#.# ..#
#.........# ...
#.##....####### #.#
#....^....5...# ..#
#######''♣#######
######...#######
.....#...###.###
..☼§.#.#.##.§.##
.....#...#.§§○.#
...§.#...##§§§##
.....#...###.###
######...#######
......_.......#


You could see Grinder.

Vanquished Creatures
  An adder (D:3)
  An adder skeleton (D:2)
  A worm (D:2)
  2 dart slugs
  2 bats
  A bat skeleton (D:2)
  2 bat zombies (D:2)
  3 endoplasms
  A giant cockroach (D:2)
  2 goblins
  6 hobgoblins
  A kobold (D:2)
  2 quokkas (D:1)
  3 ball pythons
  A ball python skeleton (D:2)
  2 frilled lizards
  4 rats
35 creatures vanquished.

Notes
Turn   | Place    | Note
-------+----------+-------------------------------------------
     0 | D:1      | Shayle the Ogre Shapeshifter began the quest for the Orb.
     0 | D:1      | Reached XP level 1. HP: 19/19 MP: 1/1
   182 | D:1      | Reached XP level 2. HP: 14/28 MP: 1/3
   337 | D:1      | Reached skill level 1 in Spellcasting
   945 | D:2      | Reached XP level 3. HP: 36/36 MP: 3/5
  1815 | D:3      | Reached XP level 4. HP: 40/45 MP: 5/7
  1909 | D:3      | Noticed Grinder
  1911 | D:3      | Found a sparkling altar of Nemelex Xobeh.
  1918 | D:3      | Slain by Grinder

Illustrated notes

Levels and vault maps discovered:
D:1:      nagdon_arrival_double_spiral, layout_loops_ring, minivault_26,
          chequers_serial_rivers_room_b
D:2:      layout_basic, serial_undead, serial_undead_e, serial_undead_c,
          serial_undead_a, serial_undead_a, nicolae_eternal_life
D:3:      layout_basic, nemelex_altar_shiori, uniq_terence, uniq_grinder

Skill      XL: |  1  2  3 |
---------------+----------+-----
Fighting       | 2 3 |  3.0
Spellcasting   | 1 2 |  2.0
Unarmed Combat | 3 |  3.3
Dodging        | |  1.7
Shapeshifting  | |  3.0

Action                     |  1- 3 |  4- 6 || total
---------------------------+-------+-------++-------
  Melee: Unarmed           |    73 |     5 ||    78
         Punch             |     1 |       ||     1
    Use: Potion            |       |     1 ||     1
   Stab: Sleeping          |     1 |       ||     1
 Armour: Animal skin       |    17 |     1 ||    18
         Skin              |       |     1 ||     1
  Dodge: Dodged            |    40 |     1 ||    41

Table legend: (Time is in decaauts)
 A = Elapsed time spent in this place.
 B = Non-inter-level travel time spent in this place.
 C = Inter-level travel time spent in this place.
 D = Time resting spent in this place.
 E = Time spent auto-exploring this place.
 F = Levels seen in this place.
 G = Mean time per level.
                   A        B        C        D        E       F      G
               +--------+--------+--------+--------+--------+-----+--------+
         Total |   1912 |   1880 |     32 |      0 |   1562 |   3 |  637.3 |
       Dungeon |   1912 |   1880 |     32 |      0 |   1562 |   3 |  637.3 |
               +--------+--------+--------+--------+--------+-----+--------+

Top non-repeatable levels by time:
     D:2: 828 daAuts
     D:1: 798 daAuts
     D:3: 286 daAuts
